 Dungeon Crawl Stone Soup version 0.32-a0-411-g744942f433 (webtiles) character file.

Game seed: 6275382483349274602

575 Dittersdorf the Trooper (level 7, 0/44 HPs)
             Began as a Gargoyle Fighter on Feb 20, 2024.
             Incinerated by a bombardier beetle (1 damage)
             ... with a burning spray
             ... on level 4 of the Dungeon.
             The game lasted 00:03:20 (2249 turns).

Dittersdorf the Trooper (Gargoyle Fighter)          Turns: 2249, Time: 00:03:20

Health: 0/44       AC: 17    Str: 21    XL:     7   Next: 35%
Magic:  0/7        EV:  9    Int:  9    God:
Gold:   134        SH:  4    Dex:  9    Spells: 6/6 levels left

rFire   + . .        a - +0 flail
rCold   x . .        c - +0 buckler
rNeg    + . .        b - +0 scale mail
rPois   ∞            (no helmet)
rElec   +            (no cloak)
rCorr   .            (no gloves)
SInv    .            o - +0 pair of boots
Will    .....        j - amulet of guardian spirit Stlth
                     m - ring of fire
HPRegen 0.27/turn    u - +4 ring of protection
MPRegen 0.10/turn

%: guardian spirit
@: on fire, glowing
A: sickness immunity, AC +4, negative energy resistance 1, electricity
resistance, torment resistance 1, petrification resistance
a: no special abilities


You were on level 4 of the Dungeon.
You visited 1 branch of the dungeon, and saw 4 of its levels.

You collected 134 gold pieces.

Inventory:

Hand Weapons
 a - a +0 flail (weapon)
Missiles
 w - 2 throwing nets (quivered)
Armour
 b - a +0 scale mail (worn)
 c - a +0 buckler (worn)
 o - a +0 pair of boots (worn)
Jewellery
 j - an amulet of guardian spirit (around neck)
 m - a ring of fire (left hand)
 s - a ring of magical power
 u - a +4 ring of protection (right hand)
Wands
 v - a wand of mindburst (18)
Scrolls
 g - a scroll of noise {unknown}
 i - 4 scrolls of identify {unknown}
 p - a scroll of teleportation {unknown}
 q - a scroll of blinking {unknown}
 r - a scroll of torment {unknown}
Potions
 d - 3 potions of might
 e - 3 potions of mutation {unknown}
 f - a potion of haste {unknown}
 h - 2 potions of heal wounds {unknown}
 k - 3 potions of berserk rage {unknown}
 l - a potion of degeneration {unknown}
 n - a potion of resistance {unknown}
 t - a potion of lignification {unknown}


   Skills:
 + Level 5.3 Fighting
 + Level 4.2 Maces & Flails
 + Level 5.3 Armour
 + Level 5.3 Shields


You had 6 spell levels left.
You didn't know any spells.
Your spell library was empty.

Dungeon Overview and Level Annotations

Branches:
Dungeon (4/15)
 Temple: D:4-7

Altars:
Cheibriados
Hepliaklqana

Annotations:
D:4 Robin


Innate Abilities, Weirdness & Mutations

You are immune to sickness and miasma.
Your stone body is resilient. (AC +4)
You are immune to poison.
You resist negative energy. (rN+)
You are resistant to electric shocks. (rElec)
You are resistant to unholy torment.
You are immune to petrification.


Message History

You feel more attuned to fire.
m - a ring of fire (left hand)
The liquid fire burns you!
The bombardier beetle bites you but does no damage.
You barely miss the bombardier beetle.
The bombardier beetle is moderately wounded.
The liquid fire burns you!
You hit the bombardier beetle.
The bombardier beetle is heavily wounded.
The liquid fire burns you!
* * * LOW HITPOINT WARNING * * *
The bombardier beetle bites you but does no damage.
You hit the bombardier beetle but do no damage.
The bombardier beetle is heavily wounded.
The liquid fire burns you!
* * * LOW HITPOINT WARNING * * *
The bombardier beetle bites you but does no damage.
You hit the bombardier beetle but do no damage.
The bombardier beetle is heavily wounded.
The liquid fire burns you!
* * * LOW HITPOINT WARNING * * *
The bombardier beetle sprays incendiary fluid at you.
The burning spray hits you.
You are even more covered in liquid fire!
You barely miss the bombardier beetle.
The bombardier beetle is heavily wounded.
The liquid fire burns you!
* * * LOW HITPOINT WARNING * * *
You barely miss the bombardier beetle.
The bombardier beetle is heavily wounded.
The liquid fire burns you!
* * * LOW HITPOINT WARNING * * *
You block the bombardier beetle's attack.
You sock the bombardier beetle!
You kill the bombardier beetle!
The liquid fire burns you!
* * * LOW HITPOINT WARNING * * *
You shake off some of the fire as you move.
The liquid fire burns you!
You die...

...##......####.....##
.###...............##
.###........###....#
..#..#.......###...+
..#..##.#..##.#.†###
..#........#.....##
.......##..#.#....#
#...#### ........##..
....## ##..##.@#..####
.....##. ...###........#
............ .........####
<...####.................#
.∩..# #######........
....# #.....#. ......#
#..<.## ........
#..#..g.... .######. #..


gg..... There were no monsters in sight!

Vanquished Creatures
  Grinder (D:3)
  A bombardier beetle (D:4)
  A hound (D:4)
  Jessica (D:3)
  Natasha (D:4)
  Terence (D:3)
  An orc wizard (D:4)
  4 adders
  8 gnolls
  3 dart slugs
  A ribbon worm (D:2)
  3 orcs
  4 endoplasms
  3 giant cockroaches
  4 goblins
  8 hobgoblins
  2 quokkas
  5 ball pythons
  5 bats
  6 frilled lizards
  A kobold (D:3)
  2 rats
66 creatures vanquished.

Notes
Turn   | Place    | Note
-------+----------+-------------------------------------------
     0 | D:1      | Dittersdorf the Gargoyle Fighter began the quest for the
                  | Orb.
     0 | D:1      | Reached XP level 1. HP: 14/14 MP: 1/1
    90 | D:1      | Reached XP level 2. HP: 19/19 MP: 2/2
   228 | D:1      | Found a faded altar of an unknown god.
   257 | D:1      | Reached XP level 3. HP: 23/23 MP: 3/3
   451 | D:2      | Found a snail-covered altar of Cheibriados.
   541 | D:2      | Reached XP level 4. HP: 29/29 MP: 4/4
  1188 | D:3      | Found a hazy altar of Hepliaklqana.
  1209 | D:3      | Noticed Terence
  1228 | D:3      | Killed Terence
  1292 | D:3      | Noticed Grinder
  1340 | D:3      | Reached XP level 5. HP: 22/33 MP: 5/5
  1345 | D:3      | Paralysed by Grinder for 3 turns
  1363 | D:4      | Noticed Robin
  1494 | D:3      | Paralysed by Grinder for 5 turns
  1510 | D:3      | Paralysed by Grinder for 4 turns
  1517 | D:3      | Paralysed by Grinder for 5 turns
  1523 | D:3      | Killed Grinder
  1524 | D:3      | Reached XP level 6. HP: 28/40 MP: 6/6
  1599 | D:3      | Noticed Jessica
  1604 | D:3      | Killed Jessica
  1990 | D:4      | Reached skill level 5 in Shields
  1993 | D:4      | Reached skill level 5 in Fighting
  1996 | D:4      | Reached skill level 5 in Armour
  2004 | D:4      | Reached XP level 7. HP: 24/44 MP: 7/7
  2215 | D:4      | Noticed Natasha
  2227 | D:4      | Killed Natasha
  2248 | D:4      | HP: 1/44 [burnt (2)]
  2249 | D:4      | Incinerated by a bombardier beetle

Illustrated notes

Levels and vault maps discovered:
D:1:      lightli_arrival_windingriver, layout_rooms,
          ebering_ecumenical_altar_mist
D:2:      layout_rooms, basic_altar, kennysheep_cluttered_room
D:3:      layout_rooms, mainiacjoe_overflow_surrounded_room,
          minmay_misc_feat_secret_circle, minmay_quadrilaterals, uniq_grinder,
          uniq_jessica, uniq_terence
D:4:      layout_cave_pools, gammafunk_temple_overflow_claw, lemuel_round_altar,
          mainiacjoe_overflow_chevrons, minmay_temple_entry_proselytizer,
          kennysheep_diamond, abandoned_shop, uniq_natasha, uniq_robin,
          uniq_edmund, uniq_ijyb

Skill      XL: |  1  2  3  4  5  6  7 |
---------------+----------------------+-----
Shields        | 4 5 |  5.3
Fighting       | 4 5 |  5.3
Armour         | 4 5 |  5.3
Maces & Flails | 3 4 |  4.2

Action                     |  1- 3 |  4- 6 |  7- 9 || total
---------------------------+-------+-------+-------++-------
  Melee: Flail             |    79 |   155 |    65 ||   299
 Armour: Scale mail        |    51 |   135 |    46 ||   232
  Dodge: Dodged            |    53 |    79 |    14 ||   146
  Block: Buckler           |    18 |    44 |    10 ||    72

Table legend: (Time is in decaauts)
 A = Elapsed time spent in this place.
 B = Non-inter-level travel time spent in this place.
 C = Inter-level travel time spent in this place.
 D = Time resting spent in this place.
 E = Time spent auto-exploring this place.
 F = Levels seen in this place.
 G = Mean time per level.
                   A        B        C        D        E       F      G
               +--------+--------+--------+--------+--------+-----+--------+
         Total |   2333 |   2281 |     52 |    103 |   1466 |   4 |  583.2 |
       Dungeon |   2333 |   2281 |     52 |    103 |   1466 |   4 |  583.2 |
               +--------+--------+--------+--------+--------+-----+--------+

Top non-repeatable levels by time:
     D:3: 837 daAuts
     D:2: 730 daAuts
     D:1: 466 daAuts
     D:4: 298 daAuts
